 Dungeon Crawl Stone Soup version 0.29-a0-474-gdfe5cd140f (webtiles) character file.

Game seed: 10498371178550387787

84 Bruhh the Ogre Mage (level 4, -1/39 HPs)
             Began as an Ogre Air Elementalist on May 24, 2022.
             Succumbed to a kobold's poison
             ... on level 3 of the Dungeon.
             The game lasted 00:03:39 (2478 turns).

Bruhh the Ogre Mage (Ogre Air Elementalist)         Turns: 2478, Time: 00:03:39

Health: -1/39      AC:  4    Str: 12    XL:     4   Next: 46%
Magic:  3/10       EV:  9    Int: 18    God:
Gold:   129        SH:  0    Dex:  9    Spells: 8/11 levels left

rFire   . . .      SeeInvis .   (no weapon)
rCold   . . .      Faith    .   (no shield)
rNeg    . . .      Spirit   .   a - +0 robe
rPois   .          Reflect  .   (helmet restricted)
rElec   .          Harm     .   o - +0 cloak
rCorr   .          Rampage  .   (gloves unavailable)
Will    .....                   (boots unavailable)
Stlth   +.........              (no amulet)
HPRegen 0.13/turn               (no ring)
MPRegen 0.12/turn               (no ring)

@: mighty, lethally poisoned (-1 -> -10), attractive, flying, hasted, very quick
A: large, unfitting armour, tough skin 1
a: no special abilities


You were on level 3 of the Dungeon.
You visited 1 branch of the dungeon, and saw 3 of its levels.

You collected 129 gold pieces.

Inventory:

Missiles
 n - 5 poisoned darts
 q - 2 throwing nets
Armour
 a - a +0 robe (worn)
 c - a +0 cloak
 o - a +0 cloak (worn)
Wands
 s - a wand of charming (1)
Scrolls
 d - a scroll of immolation {unknown}
 e - 3 scrolls of identify {unknown}
 h - a scroll of teleportation {unknown}
 i - a scroll of brand weapon {unknown}
 k - a scroll of vulnerability {unknown}
 l - 2 scrolls of torment {unknown}
 m - a scroll of fog {unknown}
 r - a scroll of blinking {unknown}
 t - a scroll of fear {unknown}
Potions
 b - 3 potions of magic
 j - a potion of flight


   Skills:
 - Level 1.7 Dodging
 - Level 1.4 Stealth
 * Level 4.4 Spellcasting
 - Level 0.8 Conjurations
 + Level 3.4 Air Magic


You had 8 spell levels left.
You knew the following spells:

 Your Spells              Type           Power      Damage    Failure   Level
a - Shock                 Conj/Air       44%        1d5       6%          1
b - Static Discharge      Conj/Air       11%        N/A       9%          2

Your spell library contained the following spells:

 Spells                   Type           Power      Damage    Failure   Level
 Poisonous Vapours        Pois/Air       20%        N/A       11%         2
 Swiftness                Air            16%        N/A       11%         3
 Sting                    Tmut/Pois      12%        1d3       14%         1
 Airstrike                Air            8%         N/A       34%         4
 Olgreb's Toxic Radiance  Pois           3%         N/A       80%         4


Dungeon Overview and Level Annotations

Branches:
Dungeon (3/15)

Altars:

Shops:
D:2 (==


Innate Abilities, Weirdness & Mutations

You are too large for most types of armour.
You have tough skin. (AC +1)


Message History

You are more poisoned.
The zap hits the kobold.
The kobold is severely wounded.
You feel very sick.
The kobold hits you with a +0 short sword of venom.
You are more poisoned.
The zap misses the kobold.
You feel very sick.
The kobold hits you with a +0 short sword of venom.
The zap hits the kobold but does no damage.
The kobold is severely wounded.
You feel very sick. The kobold hits you but does no damage.
You are lethally poisoned!
You are too injured to fight recklessly!
You are too injured to fight recklessly!
Casting: Shock (safe; 6% risk of failure)
Confirm with . or Enter, or press ? or * to list all spells.
The kobold is struck by an arc of lightning!
You kill the kobold!
You are struck by an arc of lightning.
The lightning grounds out.
* * * LOW HITPOINT WARNING * * *
You feel very sick.
Unknown command.
It was a potion of flight.
You feel very buoyant.
You fly up into the air.
* * * LOW HITPOINT WARNING * * *
You feel very sick.
Your magical contamination has completely faded away.
It was a potion of might.
You feel very mighty all of a sudden.
* * * LOW HITPOINT WARNING * * *
You feel very sick.
It was a potion of attraction.
You feel attractive to monsters.
* * * LOW HITPOINT WARNING * * *
You feel very sick.
It was a potion of haste.
You feel yourself speed up.
You die...

. .. ######
#..## #....#
....###....###
#...#...)).####
#...)@))..!.#
#.....##.##...#
#...#.# .)# #
#.>........K
#...#<###...$
#..(..# ###...
####..# ###
.... ##...


There were no monsters in sight!

Vanquished Creatures
  A gnoll (D:1)
  An adder (D:3)
  A dart slug (D:1)
  6 orcs (D:3)
  4 ball pythons
  5 bats
  8 endoplasms
  2 giant cockroaches
  4 hobgoblins
  4 jackals (D:2)
  A quokka (D:1)
  2 frilled lizards (D:1)
  5 kobolds
  8 rats
52 creatures vanquished.

Notes
Turn   | Place    | Note
-------+----------+-------------------------------------------
     0 | D:1      | Bruhh the Ogre Air Elementalist began the quest for the
                  | Orb.
     0 | D:1      | Reached XP level 1. HP: 16/16 MP: 3/3
   326 | D:1      | Reached skill level 3 in Spellcasting
   326 | D:1      | Reached XP level 2. HP: 24/24 MP: 4/6
  1056 | D:1      | Reached XP level 3. HP: 31/31 MP: 6/8
  1388 | D:2      | Learned a level 2 spell: Static Discharge
  1393 | D:2      | Found Fic Jirgh's Weapon Shoppe.
  1472 | D:2      | Found Vohad's Jewellery Boutique.
  1550 | D:2      | Reached skill level 4 in Spellcasting
  1767 | D:2      | Reached XP level 4. HP: 39/39 MP: 8/10
  1785 | D:2      | Found Xeatu's Jewellery Boutique.
  2477 | D:3      | HP: 1/39 [poisoned by a kobold]
  2478 | D:3      | Succumbed to a kobold's poison

Illustrated notes

Levels and vault maps discovered:
D:1:      minmay_arrival_nine_rooms, layout_loops_ring, minmay_indecisive_spiral
D:2:      layout_loops_ring, serial_shops, nicolae_lakefront_shop,
          nicolae_shop_bloodbath_and_beyond, nicolae_square_shop,
          hangedman_feature_mirror
D:3:      corexii_shack_village, layout_rooms,
          hellmonk_ecumenical_altar_crossroads

Skill      XL: |  1  2  3 |
---------------+----------+-----
Spellcasting   | 3 4 |  4.4
Air Magic      | 3 |  3.4
Dodging        | |  1.7
Stealth        | |  1.4
Conjurations   | |  0.8

Action                   |  1- 3 |  4- 6 || total
-------------------------+-------+-------++-------
Melee: Unarmed           |    28 |     3 ||    31
 Cast: Shock             |    70 |    19 ||    89
       Static Discharge  |       |     5 ||     5
  Use: Potion            |       |     4 ||     4
Armor: Robe              |    19 |     5 ||    24
Dodge: Dodged            |    24 |     2 ||    26

Table legend: (Time is in decaauts)
 A = Elapsed time spent in this place.
 B = Non-inter-level travel time spent in this place.
 C = Inter-level travel time spent in this place.
 D = Time resting spent in this place.
 E = Time spent auto-exploring this place.
 F = Levels seen in this place.
 G = Mean time per level.
                   A        B        C        D        E       F      G
               +--------+--------+--------+--------+--------+-----+--------+
         Total |   2478 |   2451 |     27 |    175 |   1961 |   3 |  826.0 |
       Dungeon |   2478 |   2451 |     27 |    175 |   1961 |   3 |  826.0 |
               +--------+--------+--------+--------+--------+-----+--------+

Top non-repeatable levels by time:
     D:1: 1384 daAuts
     D:2: 1012 daAuts
     D:3: 82 daAuts
